FLORIDA Panthers vs NEW JERSEY Devils

Created - 16 février 2024 at 16:34

Goals
1 2 3 T
FLORIDA Panthers 2 3 0 5
NEW JERSEY Devils 2 0 1 3
Shots
1 2 3 T
FLORIDA Panthers 13 22 12 47
NEW JERSEY Devils 9 4 20 33

1st period

1. FLORIDA Panthers , Jordan Martinook 1 (Eetu Luostarinen 3, Adam Henrique 1) at 2:26
2. NEW JERSEY Devils , Jake Bean 2 (Max Domi 1, J.T. Compher 3) at 13:22 (PP)
3. NEW JERSEY Devils , Jack Hughes 2 (Jake Bean 2) at 14:40
4. FLORIDA Panthers , Eetu Luostarinen 1 (Josh Morrissey 2, Dougie Hamilton 1) at 16:13

Penalties :
Matthew Tkachuk (FLO) for Holding Stick (Minor) at 5:54, Ryan McDonagh (FLO) for Hooking (Minor) at 12:56

2nd period

5. FLORIDA Panthers , Dougie Hamilton 2 (Matthew Tkachuk 2, Brock Nelson 1) at 8:46 (PP)
6. FLORIDA Panthers , Jordan Martinook 2 (Adam Henrique 2, Connor Murphy 1) at 12:55
7. FLORIDA Panthers , Matthew Tkachuk 1 (Steven Stamkos 2, Josh Morrissey 3) at 15:01 (PP)

Penalties :
Ryan Graves (NJD) for Interference (Minor) at 2:12, Kyle Okposo (NJD) for Slashing (Minor) at 8:05, Gabriel Landeskog (NJD) for Hooking (Minor) at 8:52, Adam Boqvist (NJD) for Holding (Minor) at 10:40, Alexander Petrovic (NJD) for Cross-checking (Minor) at 13:20, Adam Boqvist (NJD) for Tripping (Minor) at 13:41, Josh Morrissey (FLO) for Holding (Minor) at 19:47

3rd period

8. NEW JERSEY Devils , Bowen Byram 2 (Max Domi 2, J.T. Compher 4) at 10:52 (PP)

Penalties :
Connor Murphy (FLO) for Roughing (Double Minor) at 6:53, James van Riemsdyk (NJD) for Cross-checking (Minor) at 11:50, Jordan Martinook (FLO) for Slashing (Minor) at 16:08

Goalie Stats

Darcy Kuemper (FLO), 30 saves from 33 shots - (0,909), W, 3-0-0, 60:00 minutes
Antti Raanta (NJD), 42 saves from 47 shots - (0,894), L, 0-3-0, 60:00 minutes

Players Stats for FLORIDA Panthers

Player Name              G  A  P  +/- PIM S  H  SB GA TA FO     MP     PP MP  PK MP  
------------------------------------------------------------------------------------
Adam Henrique            0  2  2   3  0   1  0  0  0  0  4/10    9:16   0:11   0:00 
Brady Skjei              0  0  0   0  0   7  3  0  0  0  0/0    21:58   4:37   5:00 
Brandon Saad             0  0  0  -1  0   3  1  0  0  0  2/3    16:53   4:54   0:00 
Brock Nelson             0  1  1   0  0   4  1  0  0  0  2/4    21:58   5:41   3:37 
Carter Verhaeghe         0  0  0  -1  0   3  0  0  0  0  0/2    16:53   4:54   0:00 
Connor Murphy            0  1  1   2  4   2  6  0  0  0  0/0    11:12   0:11   0:06 
Derek Grant              0  0  0   0  0   0  0  0  0  0  0/0     5:08   0:00   0:00 
Dougie Hamilton          1  1  2   0  0   2  2  5  0  0  0/0    26:53   5:58   5:20 
Eetu Luostarinen         1  1  2   3  0   3  3  0  0  0  2/3     9:47   0:11   0:31 
Jordan Martinook         2  0  2   3  2   3  1  0  0  0  1/3    10:27   0:11   1:12 
Josh Morrissey           0  2  2   0  2   4  2  1  0  0  0/0    25:23   5:58   3:51 
Kevin Gravel             0  0  0   2  0   0  1  0  0  0  0/0    13:13   0:11   2:06 
Matthew Tkachuk          1  1  2   0  2   6  2  0  0  0  1/12   23:52   5:41   5:32 
Ryan McDonagh            0  0  0   0  2   4  1  1  0  0  0/0    21:18   4:37   4:21 
Ryan McLeod              0  0  0   0  0   1  0  0  0  0  1/1     5:08   0:00   0:00 
Steven Stamkos           0  1  1   0  0   4  3  0  0  0  16/26  24:39   5:41   6:18 
Vincent Trocheck         0  0  0  -1  0   0  7  1  0  0  11/23  20:27   4:54   3:34 
Yegor Sharangovich       0  0  0   0  0   0  0  0  0  0  1/4     5:08   0:00   0:00 

Players Stats for NEW JERSEY Devils

Player Name              G  A  P  +/- PIM S  H  SB GA TA FO     MP     PP MP  PK MP  
------------------------------------------------------------------------------------
Adam Boqvist             0  0  0   0  4   0  2  0  0  0  0/0    19:29   5:16   3:22 
Alexander Petrovic       0  0  0  -1  2   0  0  0  0  0  0/0    15:14   0:59   2:13 
Andreas Athanasiou       0  0  0   0  0   4  4  0  0  0  0/2    17:39   3:52   0:12 
Bowen Byram              1  0  1  -1  0   3  4  5  0  0  0/0    26:12   4:07   6:07 
Chris Wideman            0  0  0  -1  0   1  0  1  0  0  0/0    13:51   0:59   0:49 
Connor Brown             0  0  0   0  0   1  0  1  0  0  1/1     5:24   0:00   0:00 
Gabriel Landeskog        0  0  0   0  2   0  0  0  0  0  4/6     5:23   0:00   0:00 
J.T. Compher             0  2  2   0  0   4  1  0  0  0  13/21  19:48   3:52   2:21 
Jack Hughes              1  0  1   0  0   7  3  0  0  0  23/44  24:20   5:31   8:05 
Jake Bean                1  1  2   0  0   1  4  0  0  0  0/0    20:32   5:16   4:25 
James van Riemsdyk       0  0  0   0  2   3  1  0  0  0  1/2    17:56   5:31   1:42 
Joel Armia               0  0  0  -2  0   0  1  0  0  0  0/0    11:16   0:59   1:08 
Kyle Okposo              0  0  0   0  2   3  3  0  0  0  3/4    22:47   5:31   6:33 
Max Domi                 0  2  2   0  0   1  2  0  0  0  0/0    17:27   3:52   0:00 
Miles Wood               0  0  0   0  0   0  0  0  0  0  0/0     5:24   0:00   0:00 
Oskar Lindblom           0  0  0  -2  0   2  3  0  0  0  1/2    10:08   0:59   0:00 
Ryan Donato              0  0  0  -2  0   1  2  0  0  0  4/9    10:08   0:59   0:00 
Ryan Graves              0  0  0  -1  2   2  1  2  0  0  0/0    24:38   4:07   4:34 

3 Stars

1 - Eetu Luostarinen (FLO)
2 - Jordan Martinook (FLO)
3 - Dougie Hamilton (FLO)

Power Play

FLORIDA Panthers - 2 on 7 Attempt(s) - 28,57%
NEW JERSEY Devils - 2 on 6 Attempt(s) - 33,33%

Penalty Kill

FLORIDA Panthers - 4 on 6 Attempt(s) - 66,67% - Score 0 goal in Penalty Kill
NEW JERSEY Devils - 5 on 7 Attempt(s) - 71,43% - Score 0 goal in Penalty Kill

Team Stat

FLORIDA Panthers - Hits : 33 - Faceoff Wins : 41 - Blocked Shots : 8 - Penalty Minutes : 12
NEW JERSEY Devils - Hits : 31 - Faceoff Wins : 50 - Blocked Shots : 9 - Penalty Minutes : 14

Official

Referees : Jordan Samuels-Thomas and Conor O'Donnell
Linesman : Jean-Luc Grand-Pierre and Brad Kovachik

Game Notes

No Game Note

Finance

Level 1 -- Attendance: 5339 (76,27%) -- Ticket Income $533,900
Level 2 -- Attendance: 5607 (80,10%) -- Ticket Income $302,778
Level 3 -- Attendance: 2910 (58,20%) -- Ticket Income $61,110
Level 4 -- Attendance: 4209 (84,18%) -- Ticket Income $84,180
Luxury Box -- Attendance: 1047 (87,25%) -- Ticket Income $177,990
Game was played at the Prudential Center.
Total Attendance: 19112 (75,84%)
Total Ticket Income: $1,159,958
Other Income: $289,990
Total Income: $1,449,948

FLORIDA Panthers

5 vs 5 Forward 
   Center                   Left Wing                Right Wing               Time % Phy DF OF 
 1 Steven Stamkos           Brock Nelson             Matthew Tkachuk          40     1   2  2  
 2 Vincent Trocheck         Carter Verhaeghe         Brandon Saad             30     1   2  2  
 3 Adam Henrique            Eetu Luostarinen         Jordan Martinook         20     1   2  2  
 4 Yegor Sharangovich       Derek Grant              Ryan McLeod              10     1   2  2  

5 vs 5 Defense 
   Defense                  Defense                                           Time % Phy DF OF 
 1 Dougie Hamilton          Josh Morrissey                                    40     1   2  2  
 2 Brady Skjei              Ryan McDonagh                                     30     1   2  2  
 3 Connor Murphy            Kevin Gravel                                      20     1   2  2  
 4 Dougie Hamilton          Josh Morrissey                                    10     1   2  2  

PowerPlay Forward 
   Center                   Left Wing                Right Wing               Time % Phy DF OF 
 1 Steven Stamkos           Brock Nelson             Matthew Tkachuk          60     1   2  2  
 2 Vincent Trocheck         Carter Verhaeghe         Brandon Saad             40     1   2  2  

PowerPlay Defense
   Defense                  Defense                                           Time % Phy DF OF 
 1 Dougie Hamilton          Josh Morrissey                                    60     1   2  2  
 2 Brady Skjei              Ryan McDonagh                                     40     1   2  2  

Penalty Kill 4 Players Forward 
   Center                   Wing                     Time % Phy DF OF 
 1 Matthew Tkachuk          Steven Stamkos           60     1   2  2  
 2 Brock Nelson             Vincent Trocheck         40     1   2  2  

Penalty Kill 4 Players Defense
   Defense                  Defense                  Time % Phy DF OF 
 1 Dougie Hamilton          Josh Morrissey           60     1   2  2  
 2 Brady Skjei              Ryan McDonagh            40     1   2  2  

Penalty Kill - 3 Players Forward 
   Forward                                           Time % Phy DF OF 
 1 Matthew Tkachuk                                   60     1   2  2  
 2 Steven Stamkos                                    40     1   2  2  

Penalty Kill - 3 Players Defense
   Defense                  Defense                  Time % Phy DF OF 
 1 Dougie Hamilton          Josh Morrissey           60     1   2  2  
 2 Brady Skjei              Ryan McDonagh            40     1   2  2  

4 vs 4 Forward 
   Center                   Wing                     Time % Phy DF OF 
 1 Matthew Tkachuk          Steven Stamkos           60     1   2  2  
 2 Brock Nelson             Vincent Trocheck         40     1   2  2  

4 vs 4 Defense
   Defense                  Defense                  Time % Phy DF OF 
 1 Dougie Hamilton          Josh Morrissey           60     1   2  2  
 2 Brady Skjei              Ryan McDonagh            40     1   2  2  

Last Minutes Offensive
   Center                   Left Wing                Right Wing               Defense                  Defense                  
   Steven Stamkos           Brock Nelson             Matthew Tkachuk          Dougie Hamilton          Josh Morrissey           

Last Minutes Defensive
   Center                   Left Wing                Right Wing               Defense                  Defense                  
   Steven Stamkos           Brock Nelson             Matthew Tkachuk          Dougie Hamilton          Josh Morrissey           

Goaltenders
Starting : Darcy Kuemper            
Backup : Jon Gillies              

Extra Forwards
Normal : Adam Henrique, Eetu Luostarinen, Jordan Martinook - PP : Adam Henrique, Eetu Luostarinen - PK : Jordan Martinook
Extra Defensemen
Normal : Connor Murphy, Kevin Gravel, Brady Skjei - PP : Connor Murphy - PK : Kevin Gravel, Brady Skjei
Penalty Shots
Matthew Tkachuk, Steven Stamkos, Brock Nelson, Vincent Trocheck, Carter Verhaeghe

Scratches
Michael Raffl (Healthy), Nikita Popugaev (Healthy), Nick Henry (Healthy)

NEW JERSEY Devils

5 vs 5 Forward 
   Center                   Left Wing                Right Wing               Time % Phy DF OF 
 1 Jack Hughes              James van Riemsdyk       Kyle Okposo              40     1   2  2  
 2 J.T. Compher             Max Domi                 Andreas Athanasiou       30     1   2  2  
 3 Ryan Donato              Oskar Lindblom           Joel Armia               20     1   2  2  
 4 Gabriel Landeskog        Miles Wood               Connor Brown             10     1   2  2  

5 vs 5 Defense 
   Defense                  Defense                                           Time % Phy DF OF 
 1 Ryan Graves              Bowen Byram                                       40     1   2  2  
 2 Adam Boqvist             Jake Bean                                         30     1   2  2  
 3 Chris Wideman            Alexander Petrovic                                20     1   2  2  
 4 Ryan Graves              Bowen Byram                                       10     1   2  2  

PowerPlay Forward 
   Center                   Left Wing                Right Wing               Time % Phy DF OF 
 1 Jack Hughes              James van Riemsdyk       Kyle Okposo              60     1   2  2  
 2 J.T. Compher             Max Domi                 Andreas Athanasiou       40     1   2  2  

PowerPlay Defense
   Defense                  Defense                                           Time % Phy DF OF 
 1 Ryan Graves              Bowen Byram                                       60     1   2  2  
 2 Adam Boqvist             Jake Bean                                         40     1   2  2  

Penalty Kill 4 Players Forward 
   Center                   Wing                     Time % Phy DF OF 
 1 Jack Hughes              Kyle Okposo              60     1   2  2  
 2 J.T. Compher             James van Riemsdyk       40     1   2  2  

Penalty Kill 4 Players Defense
   Defense                  Defense                  Time % Phy DF OF 
 1 Ryan Graves              Bowen Byram              60     1   2  2  
 2 Adam Boqvist             Jake Bean                40     1   2  2  

Penalty Kill - 3 Players Forward 
   Forward                                           Time % Phy DF OF 
 1 Jack Hughes                                       60     1   2  2  
 2 Kyle Okposo                                       40     1   2  2  

Penalty Kill - 3 Players Defense
   Defense                  Defense                  Time % Phy DF OF 
 1 Ryan Graves              Bowen Byram              60     1   2  2  
 2 Adam Boqvist             Jake Bean                40     1   2  2  

4 vs 4 Forward 
   Center                   Wing                     Time % Phy DF OF 
 1 Jack Hughes              Kyle Okposo              60     1   2  2  
 2 J.T. Compher             James van Riemsdyk       40     1   2  2  

4 vs 4 Defense
   Defense                  Defense                  Time % Phy DF OF 
 1 Ryan Graves              Bowen Byram              60     1   2  2  
 2 Adam Boqvist             Jake Bean                40     1   2  2  

Last Minutes Offensive
   Center                   Left Wing                Right Wing               Defense                  Defense                  
   Jack Hughes              James van Riemsdyk       Kyle Okposo              Ryan Graves              Bowen Byram              

Last Minutes Defensive
   Center                   Left Wing                Right Wing               Defense                  Defense                  
   Jack Hughes              James van Riemsdyk       Kyle Okposo              Ryan Graves              Bowen Byram              

Goaltenders
Starting : Antti Raanta             
Backup : Alex Stalock             

Extra Forwards
Normal : Ryan Donato, Oskar Lindblom, Joel Armia - PP : Ryan Donato, Oskar Lindblom - PK : Joel Armia
Extra Defensemen
Normal : Chris Wideman, Alexander Petrovic, Adam Boqvist - PP : Chris Wideman - PK : Alexander Petrovic, Adam Boqvist
Penalty Shots
Jack Hughes, Kyle Okposo, J.T. Compher, James van Riemsdyk, Max Domi

Scratches
Dustin Tokarski (Healthy)

% Time on Ice - FLORIDA Panthers

Lines # - Real PCT - Wanted PCT - Time Play
Normal Forward
1 - 33% - 40% - 12:40
2 - 31% - 30% - 11:59
3 - 23% - 20% - 9:05
4 - 13% - 10% - 5:08
Normal Defense
1 - 37% - 40% - 14:21
2 - 32% - 30% - 12:21
3 - 28% - 20% - 10:56
4 - 3% - 10% - 1:14
PP Forward
1 - 53% - 60% - 5:41
2 - 47% - 40% - 5:05
PP Defense
1 - 55% - 60% - 5:58
2 - 45% - 40% - 4:48
PK Forward
1 - 77% - 60% - 7:57
2 - 23% - 40% - 2:25
PK Defense
1 - 54% - 60% - 5:35
2 - 46% - 40% - 4:47
PK3 Forward
1 - 0% - 60%
2 - 0% - 40%
PK3 Defense
1 - 0% - 60%
2 - 0% - 40%
44 Forward
1 - 0% - 60%
2 - 0% - 40%
44 Defense
1 - 0% - 60%
2 - 0% - 40%
Last Minute Offensive  - 0:00
Last Minute Defensive  - 0:00
Total
Forward - 60:00
Defense - 60:00

% Time on Ice - NEW JERSEY Devils

Lines # - Real PCT - Wanted PCT - Time Play
Normal Forward
1 - 28% - 40% - 10:44
2 - 35% - 30% - 13:35
3 - 24% - 20% - 9:09
4 - 14% - 10% - 5:24
Normal Defense
1 - 39% - 40% - 15:02
2 - 28% - 30% - 10:51
3 - 31% - 20% - 12:03
4 - 2% - 10% - 0:56
PP Forward
1 - 63% - 60% - 6:30
2 - 37% - 40% - 3:52
PP Defense
1 - 40% - 60% - 4:07
2 - 60% - 40% - 6:15
PK Forward
1 - 75% - 60% - 6:54
2 - 25% - 40% - 2:21
PK Defense
1 - 59% - 60% - 5:25
2 - 41% - 40% - 3:50
PK3 Forward
1 - 78% - 60% - 1:11
2 - 22% - 40% - 0:20
PK3 Defense
1 - 62% - 60% - 0:56
2 - 38% - 40% - 0:35
44 Forward
1 - 0% - 60%
2 - 0% - 40%
44 Defense
1 - 0% - 60%
2 - 0% - 40%
Last Minute Offensive  - 0:00
Last Minute Defensive  - 0:00
Total
Forward - 60:00
Defense - 60:00

Play-by-Play

1st period


0:01 of 1st period - Steven Stamkos wins face-off versus Jack Hughes in neutral zone.
0:14 of 1st period - Shot by Matthew Tkachuk.
0:14 of 1st period - Shot Blocked by Ryan Graves.
0:16 of 1st period - Shot by Dougie Hamilton.
0:16 of 1st period - Shot Misses the Net.
0:18 of 1st period - Shot by Brock Nelson.
0:18 of 1st period - Shot Misses the Net.
0:20 of 1st period - Shot by Dougie Hamilton.
0:20 of 1st period - Shot Misses the Net.
0:22 of 1st period - Shot by Dougie Hamilton.
0:22 of 1st period - Shot Blocked by Ryan Graves.
0:24 of 1st period - Shot by Steven Stamkos.
0:24 of 1st period - Stopped by Antti Raanta with a rebound.
0:26 of 1st period - Shot by Josh Morrissey.
0:26 of 1st period - Stopped by Antti Raanta with a rebound.
0:45 of 1st period - Shot by Matthew Tkachuk.
0:45 of 1st period - Stopped by Antti Raanta without a rebound.
0:46 of 1st period - Brandon Saad wins face-off versus Andreas Athanasiou in NEW JERSEY Devils zone.
0:55 of 1st period - Shot by J.T. Compher.
0:55 of 1st period - Deflect By Max Domi.
0:55 of 1st period - Shot Misses the Net.
1:26 of 1st period - Max Domi is hit by Ryan McDonagh and loses puck.
2:18 of 1st period - Shot by Adam Henrique.
2:18 of 1st period - Shot Misses the Net.
2:26 of 1st period - Shot by Jordan Martinook.
2:26 of 1st period - Goal by Jordan Martinook - FLORIDA Panthers : 1 - NEW JERSEY Devils : 0.
2:27 of 1st period - Ryan McLeod wins face-off versus Gabriel Landeskog in neutral zone.
2:29 of 1st period - Josh Morrissey is hit by Bowen Byram and loses puck.
3:24 of 1st period - Icing by James van Riemsdyk.
3:25 of 1st period - Jack Hughes wins face-off versus Matthew Tkachuk in NEW JERSEY Devils zone.
3:34 of 1st period - Icing by Brock Nelson.
3:35 of 1st period - Steven Stamkos wins face-off versus J.T. Compher in FLORIDA Panthers zone.
3:35 of 1st period - Brock Nelson is hit by Andreas Athanasiou and loses puck.
3:47 of 1st period - Brock Nelson is hit by Jake Bean and loses puck.
3:54 of 1st period - Shot by Steven Stamkos.
3:54 of 1st period - Stopped by Antti Raanta without a rebound.
3:55 of 1st period - Adam Henrique wins face-off versus Jack Hughes in NEW JERSEY Devils zone.
4:02 of 1st period - Shot by Ryan McDonagh.
4:02 of 1st period - Stopped by Antti Raanta with a rebound.
5:41 of 1st period - Dougie Hamilton is hit by Oskar Lindblom.
5:46 of 1st period - Joel Armia is hit by Josh Morrissey and loses puck.
5:54 of 1st period - Minor Penalty to Matthew Tkachuk for Holding Stick.
5:55 of 1st period - Jordan Martinook wins face-off versus Jack Hughes in FLORIDA Panthers zone.
6:24 of 1st period - Shot by Bowen Byram.
6:24 of 1st period - Shot Blocked by Vincent Trocheck.
7:50 of 1st period - Shot by Jack Hughes.
7:50 of 1st period - Shot Blocked by Dougie Hamilton.
7:56 of 1st period - Shot by Jack Hughes.
7:56 of 1st period - Stopped by Darcy Kuemper without a rebound.
7:57 of 1st period - Oskar Lindblom wins face-off versus Yegor Sharangovich in FLORIDA Panthers zone.
8:13 of 1st period - Oskar Lindblom is hit by Connor Murphy and loses puck.
8:20 of 1st period - Kevin Gravel is hit by Joel Armia and loses puck.
8:26 of 1st period - Icing by Yegor Sharangovich.
8:27 of 1st period - Connor Brown wins face-off versus Yegor Sharangovich in FLORIDA Panthers zone.
8:27 of 1st period - Miles Wood is hit by Connor Murphy and loses puck.
8:34 of 1st period - Shot by Ryan McLeod.
8:34 of 1st period - Stopped by Antti Raanta without a rebound.
8:35 of 1st period - Vincent Trocheck wins face-off versus J.T. Compher in NEW JERSEY Devils zone.
9:09 of 1st period - Carter Verhaeghe is hit by Max Domi.
9:42 of 1st period - Ryan McDonagh is hit by Ryan Graves and loses puck.
10:25 of 1st period - Off-side.
10:26 of 1st period - Yegor Sharangovich wins face-off versus Ryan Donato in neutral zone.
10:26 of 1st period - Connor Murphy is hit by Ryan Donato and loses puck.
11:25 of 1st period - Yegor Sharangovich is hit by Jake Bean and loses puck.
11:44 of 1st period - Shot by Brandon Saad.
11:44 of 1st period - Stopped by Antti Raanta without a rebound.
11:45 of 1st period - James van Riemsdyk wins face-off versus Steven Stamkos in NEW JERSEY Devils zone.
11:45 of 1st period - James van Riemsdyk is hit by Steven Stamkos.
11:59 of 1st period - Icing by James van Riemsdyk.
12:00 of 1st period - Jack Hughes wins face-off versus Vincent Trocheck in NEW JERSEY Devils zone.
12:34 of 1st period - Shot by Brandon Saad.
12:34 of 1st period - Stopped by Antti Raanta with a rebound.
12:42 of 1st period - Shot by Carter Verhaeghe.
12:42 of 1st period - Stopped by Antti Raanta without a rebound.
12:43 of 1st period - J.T. Compher wins face-off versus Steven Stamkos in NEW JERSEY Devils zone.
12:52 of 1st period - Ryan McDonagh is hit by Andreas Athanasiou and loses puck.
12:56 of 1st period - Minor Penalty to Ryan McDonagh for Hooking.
12:57 of 1st period - J.T. Compher wins face-off versus Matthew Tkachuk in FLORIDA Panthers zone.
13:18 of 1st period - Shot by J.T. Compher.
13:18 of 1st period - Stopped by Darcy Kuemper with a rebound.
13:20 of 1st period - Shot by Max Domi.
13:20 of 1st period - Shot Misses the Net.
13:22 of 1st period - Shot by Jake Bean.
13:22 of 1st period - Goal by Jake Bean - FLORIDA Panthers : 1 - NEW JERSEY Devils : 1.
13:23 of 1st period - Jack Hughes wins face-off versus Adam Henrique in neutral zone.
13:23 of 1st period - Jack Hughes is hit by Eetu Luostarinen.
13:35 of 1st period - Shot by Jack Hughes.
13:35 of 1st period - Stopped by Darcy Kuemper without a rebound.
13:36 of 1st period - Ryan Donato wins face-off versus Vincent Trocheck in FLORIDA Panthers zone.
14:09 of 1st period - Shot by Carter Verhaeghe.
14:09 of 1st period - Shot Blocked by Bowen Byram.
14:29 of 1st period - Vincent Trocheck is hit by James van Riemsdyk and loses puck.
14:36 of 1st period - Shot by Jack Hughes.
14:36 of 1st period - Shot Misses the Net.
14:38 of 1st period - Shot by Jake Bean.
14:38 of 1st period - Shot Misses the Net.
14:40 of 1st period - Shot by Jack Hughes.
14:40 of 1st period - Goal by Jack Hughes - FLORIDA Panthers : 1 - NEW JERSEY Devils : 2.
14:41 of 1st period - Brock Nelson wins face-off versus Andreas Athanasiou in neutral zone.
14:50 of 1st period - Shot by J.T. Compher.
14:50 of 1st period - Deflect By Andreas Athanasiou.
14:50 of 1st period - Shot Misses the Net.
14:52 of 1st period - Shot by Max Domi.
14:52 of 1st period - Shot Misses the Net.
15:37 of 1st period - Icing by Matthew Tkachuk.
15:38 of 1st period - Kyle Okposo wins face-off versus Steven Stamkos in FLORIDA Panthers zone.
15:39 of 1st period - Shot by Jack Hughes.
15:39 of 1st period - Deflect By Kyle Okposo.
15:39 of 1st period - Stopped by Darcy Kuemper without a rebound.
15:40 of 1st period - Jack Hughes wins face-off versus Jordan Martinook in FLORIDA Panthers zone.
15:40 of 1st period - Kyle Okposo is hit by Connor Murphy.
15:46 of 1st period - Shot by Jack Hughes.
15:46 of 1st period - Stopped by Darcy Kuemper without a rebound.
15:47 of 1st period - Eetu Luostarinen wins face-off versus Jack Hughes in FLORIDA Panthers zone.
15:47 of 1st period - Eetu Luostarinen is hit by Kyle Okposo.
15:57 of 1st period - Shot by Adam Henrique.
15:57 of 1st period - Shot Misses the Net.
16:13 of 1st period - Shot by Eetu Luostarinen.
16:13 of 1st period - Goal by Eetu Luostarinen - FLORIDA Panthers : 2 - NEW JERSEY Devils : 2.
16:14 of 1st period - J.T. Compher wins face-off versus Vincent Trocheck in neutral zone.
16:14 of 1st period - J.T. Compher is hit by Vincent Trocheck.
16:35 of 1st period - J.T. Compher is hit by Connor Murphy and loses puck.
16:48 of 1st period - Shot by Vincent Trocheck.
16:48 of 1st period - Deflect By Brandon Saad.
16:48 of 1st period - Stopped by Antti Raanta without a rebound.
16:49 of 1st period - Steven Stamkos wins face-off versus Jack Hughes in NEW JERSEY Devils zone.
17:09 of 1st period - James van Riemsdyk is hit by Josh Morrissey and loses puck.
17:12 of 1st period - Shot by Bowen Byram.
17:12 of 1st period - Shot Blocked by Josh Morrissey.
17:28 of 1st period - Shot by Jack Hughes.
17:28 of 1st period - Shot Misses the Net.
17:30 of 1st period - Shot by James van Riemsdyk.
17:30 of 1st period - Stopped by Darcy Kuemper without a rebound.
17:31 of 1st period - J.T. Compher wins face-off versus Adam Henrique in FLORIDA Panthers zone.
17:42 of 1st period - Shot by Andreas Athanasiou.
17:42 of 1st period - Stopped by Darcy Kuemper without a rebound.
17:43 of 1st period - Gabriel Landeskog wins face-off versus Vincent Trocheck in FLORIDA Panthers zone.
17:57 of 1st period - Alexander Petrovic is hit by Vincent Trocheck and loses puck.
18:02 of 1st period - Shot by Connor Murphy.
18:02 of 1st period - Shot Misses the Net.
18:39 of 1st period - Off-side.
18:40 of 1st period - Steven Stamkos wins face-off versus Jack Hughes in neutral zone.
18:49 of 1st period - Shot by Matthew Tkachuk.
18:49 of 1st period - Stopped by Antti Raanta without a rebound.
18:50 of 1st period - J.T. Compher wins face-off versus Adam Henrique in NEW JERSEY Devils zone.
18:57 of 1st period - Shot by Ryan Graves.
18:57 of 1st period - Shot Misses the Net.
18:59 of 1st period - Shot by Andreas Athanasiou.
18:59 of 1st period - Shot Misses the Net.
19:01 of 1st period - Shot by Bowen Byram.
19:01 of 1st period - Shot Misses the Net.
19:03 of 1st period - Shot by Bowen Byram.
19:03 of 1st period - Shot Blocked by Dougie Hamilton.
19:14 of 1st period - Max Domi is hit by Dougie Hamilton and loses puck.
Goals for this period are 2 for FLORIDA Panthers vs 2 for NEW JERSEY Devils.
Shots for this period are 13 for FLORIDA Panthers vs 9 for NEW JERSEY Devils.

2nd period


0:01 of 2nd period - Steven Stamkos wins face-off versus Jack Hughes in neutral zone.
0:10 of 2nd period - Shot by Steven Stamkos.
0:10 of 2nd period - Shot Misses the Net.
0:12 of 2nd period - Shot by Brock Nelson.
0:12 of 2nd period - Shot Blocked by Bowen Byram.
0:14 of 2nd period - Shot by Brock Nelson.
0:14 of 2nd period - Shot Blocked by Bowen Byram.
0:16 of 2nd period - Shot by Brady Skjei.
0:16 of 2nd period - Shot Misses the Net.
0:39 of 2nd period - Off-side.
0:40 of 2nd period - Vincent Trocheck wins face-off versus Ryan Donato in neutral zone.
0:42 of 2nd period - Dougie Hamilton is hit by Jake Bean and loses puck.
0:55 of 2nd period - Shot by Ryan Donato.
0:55 of 2nd period - Stopped by Darcy Kuemper without a rebound.
0:56 of 2nd period - Eetu Luostarinen wins face-off versus J.T. Compher in FLORIDA Panthers zone.
0:56 of 2nd period - Eetu Luostarinen is hit by Andreas Athanasiou.
1:02 of 2nd period - Chris Wideman is hit by Eetu Luostarinen and loses puck.
1:23 of 2nd period - Shot by J.T. Compher.
1:23 of 2nd period - Shot Misses the Net.
1:34 of 2nd period - Andreas Athanasiou is hit by Connor Murphy and loses puck.
2:06 of 2nd period - Shot by Jack Hughes.
2:06 of 2nd period - Stopped by Darcy Kuemper without a rebound.
2:07 of 2nd period - Vincent Trocheck wins face-off versus Jack Hughes in FLORIDA Panthers zone.
2:09 of 2nd period - Carter Verhaeghe is hit by Jack Hughes.
2:12 of 2nd period - Minor Penalty to Ryan Graves for Interference.
2:13 of 2nd period - Steven Stamkos wins face-off versus Jack Hughes in NEW JERSEY Devils zone.
2:16 of 2nd period - Shot by Matthew Tkachuk.
2:16 of 2nd period - Stopped by Antti Raanta without a rebound.
2:17 of 2nd period - Jack Hughes wins face-off versus Steven Stamkos in NEW JERSEY Devils zone.
2:17 of 2nd period - Bowen Byram is hit by Matthew Tkachuk and loses puck.
3:23 of 2nd period - Shot by Ryan McDonagh.
3:23 of 2nd period - Stopped by Antti Raanta without a rebound.
3:24 of 2nd period - Jack Hughes wins face-off versus Vincent Trocheck in NEW JERSEY Devils zone.
3:54 of 2nd period - Icing by Ryan McDonagh.
3:55 of 2nd period - Jack Hughes wins face-off versus Vincent Trocheck in FLORIDA Panthers zone.
4:19 of 2nd period - Shot by Adam Henrique.
4:19 of 2nd period - Shot Misses the Net.
4:21 of 2nd period - Shot by Connor Murphy.
4:21 of 2nd period - Stopped by Antti Raanta without a rebound.
4:22 of 2nd period - J.T. Compher wins face-off versus Steven Stamkos in NEW JERSEY Devils zone.
4:29 of 2nd period - Shot by Max Domi.
4:29 of 2nd period - Shot Blocked by Dougie Hamilton.
4:31 of 2nd period - Shot by Andreas Athanasiou.
4:31 of 2nd period - Stopped by Darcy Kuemper without a rebound.
4:32 of 2nd period - Steven Stamkos wins face-off versus Ryan Donato in FLORIDA Panthers zone.
5:14 of 2nd period - Off-side.
5:15 of 2nd period - Vincent Trocheck wins face-off versus Jack Hughes in neutral zone.
5:22 of 2nd period - Jack Hughes is hit by Vincent Trocheck and loses puck.
5:32 of 2nd period - Kyle Okposo is hit by Brady Skjei and loses puck.
7:31 of 2nd period - Shot by Steven Stamkos.
7:31 of 2nd period - Stopped by Antti Raanta with a rebound.
8:04 of 2nd period - Matthew Tkachuk is hit by Kyle Okposo and loses puck.
8:05 of 2nd period - Minor Penalty to Kyle Okposo for Slashing.
8:06 of 2nd period - Adam Henrique wins face-off versus Jack Hughes in NEW JERSEY Devils zone.
8:06 of 2nd period - Adam Henrique is hit by Bowen Byram.
8:16 of 2nd period - Shot by Jordan Martinook.
8:16 of 2nd period - Stopped by Antti Raanta without a rebound.
8:17 of 2nd period - Vincent Trocheck wins face-off versus Jack Hughes in NEW JERSEY Devils zone.
8:36 of 2nd period - Shot by Carter Verhaeghe.
8:36 of 2nd period - Stopped by Antti Raanta with a rebound.
8:38 of 2nd period - Shot by Ryan McDonagh.
8:38 of 2nd period - Stopped by Antti Raanta without a rebound.
8:39 of 2nd period - Brock Nelson wins face-off versus Jack Hughes in NEW JERSEY Devils zone.
8:44 of 2nd period - Shot by Dougie Hamilton.
8:44 of 2nd period - Shot Misses the Net.
8:46 of 2nd period - Shot by Dougie Hamilton.
8:46 of 2nd period - Goal by Dougie Hamilton - FLORIDA Panthers : 3 - NEW JERSEY Devils : 2.
8:47 of 2nd period - Gabriel Landeskog wins face-off versus Adam Henrique in neutral zone.
8:52 of 2nd period - Minor Penalty to Gabriel Landeskog for Hooking.
8:53 of 2nd period - Steven Stamkos wins face-off versus Jack Hughes in NEW JERSEY Devils zone.
9:46 of 2nd period - Shot by Brady Skjei.
9:46 of 2nd period - Stopped by Antti Raanta with a rebound.
9:48 of 2nd period - Shot by Brady Skjei.
9:48 of 2nd period - Stopped by Antti Raanta without a rebound.
9:49 of 2nd period - Vincent Trocheck wins face-off versus Kyle Okposo in NEW JERSEY Devils zone.
9:50 of 2nd period - Shot by Brady Skjei.
9:50 of 2nd period - Stopped by Antti Raanta without a rebound.
9:51 of 2nd period - Jack Hughes wins face-off versus Vincent Trocheck in NEW JERSEY Devils zone.
10:01 of 2nd period - Off-side.
10:02 of 2nd period - Steven Stamkos wins face-off versus Jack Hughes in neutral zone.
10:04 of 2nd period - Off-side.
10:05 of 2nd period - Steven Stamkos wins face-off versus Jack Hughes in neutral zone.
10:08 of 2nd period - Ryan Graves is hit by Matthew Tkachuk and loses puck.
10:13 of 2nd period - Shot by Josh Morrissey.
10:13 of 2nd period - Shot Blocked by Bowen Byram.
10:15 of 2nd period - Shot by Dougie Hamilton.
10:15 of 2nd period - Stopped by Antti Raanta without a rebound.
10:16 of 2nd period - Jack Hughes wins face-off versus Steven Stamkos in NEW JERSEY Devils zone.
10:40 of 2nd period - Minor Penalty to Adam Boqvist for Holding.
10:41 of 2nd period - Jack Hughes wins face-off versus Brandon Saad in NEW JERSEY Devils zone.
10:41 of 2nd period - Ryan Graves is hit by Vincent Trocheck and loses puck.
11:00 of 2nd period - Shot by J.T. Compher.
11:00 of 2nd period - Shot Misses the Net.
11:34 of 2nd period - Shot by Brock Nelson.
11:34 of 2nd period - Stopped by Antti Raanta without a rebound.
11:35 of 2nd period - Steven Stamkos wins face-off versus J.T. Compher in NEW JERSEY Devils zone.
12:55 of 2nd period - Shot by Jordan Martinook.
12:55 of 2nd period - Goal by Jordan Martinook - FLORIDA Panthers : 4 - NEW JERSEY Devils : 2.
12:56 of 2nd period - Gabriel Landeskog wins face-off versus Carter Verhaeghe in neutral zone.
13:01 of 2nd period - Shot by Bowen Byram.
13:01 of 2nd period - Stopped by Darcy Kuemper without a rebound.
13:02 of 2nd period - Vincent Trocheck wins face-off versus J.T. Compher in FLORIDA Panthers zone.
13:02 of 2nd period - Vincent Trocheck is hit by Andreas Athanasiou.
13:20 of 2nd period - Minor Penalty to Alexander Petrovic for Cross-checking.
13:21 of 2nd period - Jack Hughes wins face-off versus Steven Stamkos in NEW JERSEY Devils zone.
13:41 of 2nd period - Minor Penalty to Adam Boqvist for Tripping.
13:42 of 2nd period - Jack Hughes wins face-off versus Vincent Trocheck in NEW JERSEY Devils zone.
13:55 of 2nd period - Shot by Brady Skjei.
13:55 of 2nd period - Stopped by Antti Raanta with a rebound.
13:57 of 2nd period - Shot by Ryan McDonagh.
13:57 of 2nd period - Stopped by Antti Raanta with a rebound.
14:37 of 2nd period - Icing by Brock Nelson.
14:38 of 2nd period - Steven Stamkos wins face-off versus Jack Hughes in FLORIDA Panthers zone.
14:49 of 2nd period - Shot by Brock Nelson.
14:49 of 2nd period - Stopped by Antti Raanta without a rebound.
14:50 of 2nd period - Jack Hughes wins face-off versus Steven Stamkos in NEW JERSEY Devils zone.
14:59 of 2nd period - Shot by Steven Stamkos.
14:59 of 2nd period - Shot Misses the Net.
15:01 of 2nd period - Shot by Matthew Tkachuk.
15:01 of 2nd period - Goal by Matthew Tkachuk - FLORIDA Panthers : 5 - NEW JERSEY Devils : 2.
15:02 of 2nd period - Jack Hughes wins face-off versus Steven Stamkos in neutral zone.
15:39 of 2nd period - Shot by Matthew Tkachuk.
15:39 of 2nd period - Stopped by Antti Raanta without a rebound.
15:40 of 2nd period - Vincent Trocheck wins face-off versus J.T. Compher in NEW JERSEY Devils zone.
16:08 of 2nd period - Shot by Eetu Luostarinen.
16:08 of 2nd period - Shot Misses the Net.
16:57 of 2nd period - Vincent Trocheck is hit by Adam Boqvist and loses puck.
17:02 of 2nd period - Shot by Carter Verhaeghe.
17:02 of 2nd period - Stopped by Antti Raanta with a rebound.
17:05 of 2nd period - Carter Verhaeghe is hit by Adam Boqvist and loses puck.
17:45 of 2nd period - Icing by Dougie Hamilton.
17:46 of 2nd period - Steven Stamkos wins face-off versus Jack Hughes in FLORIDA Panthers zone.
17:46 of 2nd period - Matthew Tkachuk is hit by Jack Hughes and loses puck.
18:10 of 2nd period - Shot by Brock Nelson.
18:10 of 2nd period - Stopped by Antti Raanta without a rebound.
18:11 of 2nd period - Adam Henrique wins face-off versus Ryan Donato in NEW JERSEY Devils zone.
18:14 of 2nd period - Shot by Eetu Luostarinen.
18:14 of 2nd period - Stopped by Antti Raanta without a rebound.
18:15 of 2nd period - Vincent Trocheck wins face-off versus Gabriel Landeskog in NEW JERSEY Devils zone.
18:42 of 2nd period - Shot by Vincent Trocheck.
18:42 of 2nd period - Shot Blocked by Chris Wideman.
19:17 of 2nd period - Josh Morrissey is hit by Bowen Byram and loses puck.
19:23 of 2nd period - Jack Hughes is hit by Dougie Hamilton and loses puck.
19:28 of 2nd period - Shot by Bowen Byram.
19:28 of 2nd period - Shot Misses the Net.
19:30 of 2nd period - Shot by James van Riemsdyk.
19:30 of 2nd period - Shot Misses the Net.
19:42 of 2nd period - Shot by Kyle Okposo.
19:42 of 2nd period - Shot Misses the Net.
19:47 of 2nd period - Minor Penalty to Josh Morrissey for Holding.
19:48 of 2nd period - J.T. Compher wins face-off versus Matthew Tkachuk in FLORIDA Panthers zone.
Goals for this period are 3 for FLORIDA Panthers vs 0 for NEW JERSEY Devils.
Shots for this period are 22 for FLORIDA Panthers vs 4 for NEW JERSEY Devils.

3rd period


0:01 of 3rd period - Jack Hughes wins face-off versus Matthew Tkachuk in neutral zone.
0:01 of 3rd period - Jack Hughes is hit by Steven Stamkos.
0:15 of 3rd period - Shot by Jack Hughes.
0:15 of 3rd period - Stopped by Darcy Kuemper without a rebound.
0:16 of 3rd period - J.T. Compher wins face-off versus Matthew Tkachuk in FLORIDA Panthers zone.
0:19 of 3rd period - Shot by Max Domi.
0:19 of 3rd period - Shot Misses the Net.
0:21 of 3rd period - Shot by J.T. Compher.
0:21 of 3rd period - Shot Misses the Net.
0:23 of 3rd period - Shot by J.T. Compher.
0:23 of 3rd period - Stopped by Darcy Kuemper without a rebound.
0:24 of 3rd period - Kyle Okposo wins face-off versus Matthew Tkachuk in FLORIDA Panthers zone.
0:25 of 3rd period - Shot by Jack Hughes.
0:25 of 3rd period - Shot Misses the Net.
0:27 of 3rd period - Shot by James van Riemsdyk.
0:27 of 3rd period - Shot Blocked by Dougie Hamilton.
0:29 of 3rd period - Shot by Kyle Okposo.
0:29 of 3rd period - Shot Misses the Net.
0:31 of 3rd period - Shot by Jack Hughes.
0:31 of 3rd period - Stopped by Darcy Kuemper with a rebound.
0:39 of 3rd period - Shot by Bowen Byram.
0:39 of 3rd period - Stopped by Darcy Kuemper without a rebound.
0:40 of 3rd period - Matthew Tkachuk wins face-off versus J.T. Compher in FLORIDA Panthers zone.
1:17 of 3rd period - Shot by Max Domi.
1:17 of 3rd period - Shot Misses the Net.
1:19 of 3rd period - Shot by Andreas Athanasiou.
1:19 of 3rd period - Stopped by Darcy Kuemper with a rebound.
1:21 of 3rd period - Shot by Adam Boqvist.
1:21 of 3rd period - Shot Blocked by Dougie Hamilton.
1:23 of 3rd period - Shot by Andreas Athanasiou.
1:23 of 3rd period - Stopped by Darcy Kuemper without a rebound.
1:24 of 3rd period - Steven Stamkos wins face-off versus Jack Hughes in FLORIDA Panthers zone.
1:45 of 3rd period - Shot by Bowen Byram.
1:45 of 3rd period - Shot Misses the Net.
1:47 of 3rd period - Shot by Kyle Okposo.
1:47 of 3rd period - Shot Blocked by Ryan McDonagh.
2:01 of 3rd period - Shot by Adam Henrique.
2:01 of 3rd period - Stopped by Antti Raanta without a rebound.
2:02 of 3rd period - Gabriel Landeskog wins face-off versus Vincent Trocheck in NEW JERSEY Devils zone.
2:18 of 3rd period - Shot by Kevin Gravel.
2:18 of 3rd period - Shot Blocked by Connor Brown.
2:34 of 3rd period - Shot by Connor Brown.
2:34 of 3rd period - Stopped by Darcy Kuemper without a rebound.
2:35 of 3rd period - Steven Stamkos wins face-off versus James van Riemsdyk in FLORIDA Panthers zone.
2:35 of 3rd period - Steven Stamkos is hit by Kyle Okposo.
2:42 of 3rd period - Dougie Hamilton is hit by Jake Bean and loses puck.
2:55 of 3rd period - Shot by Brock Nelson.
2:55 of 3rd period - Shot Misses the Net.
2:57 of 3rd period - Shot by Josh Morrissey.
2:57 of 3rd period - Stopped by Antti Raanta with a rebound.
2:59 of 3rd period - Shot by Brock Nelson.
2:59 of 3rd period - Shot Misses the Net.
3:01 of 3rd period - Shot by Brock Nelson.
3:01 of 3rd period - Deflect By Steven Stamkos.
3:01 of 3rd period - Shot Misses the Net.
3:03 of 3rd period - Shot by Steven Stamkos.
3:03 of 3rd period - Shot Misses the Net.
3:05 of 3rd period - Shot by Matthew Tkachuk.
3:05 of 3rd period - Shot Misses the Net.
3:07 of 3rd period - Shot by Brock Nelson.
3:07 of 3rd period - Stopped by Antti Raanta with a rebound.
3:09 of 3rd period - Shot by Josh Morrissey.
3:09 of 3rd period - Stopped by Antti Raanta with a rebound.
3:13 of 3rd period - Shot by Steven Stamkos.
3:13 of 3rd period - Stopped by Antti Raanta without a rebound.
3:14 of 3rd period - J.T. Compher wins face-off versus Vincent Trocheck in NEW JERSEY Devils zone.
3:26 of 3rd period - Ryan Graves is hit by Brandon Saad and loses puck.
3:44 of 3rd period - Max Domi is hit by Vincent Trocheck and loses puck.
4:08 of 3rd period - Eetu Luostarinen is hit by J.T. Compher and loses puck.
4:20 of 3rd period - Eetu Luostarinen is hit by Bowen Byram and loses puck.
4:25 of 3rd period - Shot by Connor Murphy.
4:25 of 3rd period - Stopped by Antti Raanta with a rebound.
5:44 of 3rd period - Yegor Sharangovich is hit by Max Domi and loses puck.
6:16 of 3rd period - James van Riemsdyk is hit by Brady Skjei and loses puck.
6:22 of 3rd period - Jack Hughes is hit by Brady Skjei and loses puck.
6:25 of 3rd period - Shot by James van Riemsdyk.
6:25 of 3rd period - Stopped by Darcy Kuemper without a rebound.
6:26 of 3rd period - Vincent Trocheck wins face-off versus Oskar Lindblom in FLORIDA Panthers zone.
6:48 of 3rd period - Ryan Donato is hit by Connor Murphy and loses puck.
6:53 of 3rd period - Shot by Oskar Lindblom.
6:53 of 3rd period - Stopped by Darcy Kuemper without a rebound.
6:53 of 3rd period - Double Minor Penalty to Connor Murphy for Roughing.
6:54 of 3rd period - Jack Hughes wins face-off versus Matthew Tkachuk in FLORIDA Panthers zone.
7:01 of 3rd period - Shot by Kyle Okposo.
7:01 of 3rd period - Shot Misses the Net.
7:03 of 3rd period - Shot by Kyle Okposo.
7:03 of 3rd period - Shot Misses the Net.
7:05 of 3rd period - Shot by Jack Hughes.
7:05 of 3rd period - Shot Hit the Post.
7:07 of 3rd period - Shot by Kyle Okposo.
7:07 of 3rd period - Stopped by Darcy Kuemper without a rebound.
7:08 of 3rd period - Jack Hughes wins face-off versus Matthew Tkachuk in FLORIDA Panthers zone.
7:17 of 3rd period - Shot by Kyle Okposo.
7:17 of 3rd period - Shot Misses the Net.
7:19 of 3rd period - Shot by Kyle Okposo.
7:19 of 3rd period - Shot Misses the Net.
7:21 of 3rd period - Shot by Jake Bean.
7:21 of 3rd period - Shot Misses the Net.
7:23 of 3rd period - Shot by Kyle Okposo.
7:23 of 3rd period - Stopped by Darcy Kuemper without a rebound.
7:24 of 3rd period - Jack Hughes wins face-off versus Matthew Tkachuk in FLORIDA Panthers zone.
8:41 of 3rd period - Shot by Chris Wideman.
8:41 of 3rd period - Stopped by Darcy Kuemper with a rebound.
9:18 of 3rd period - Shot by James van Riemsdyk.
9:18 of 3rd period - Stopped by Darcy Kuemper without a rebound.
9:19 of 3rd period - J.T. Compher wins face-off versus Brock Nelson in FLORIDA Panthers zone.
9:22 of 3rd period - Shot by Max Domi.
9:22 of 3rd period - Shot Misses the Net.
9:38 of 3rd period - Shot by Ryan Graves.
9:38 of 3rd period - Stopped by Darcy Kuemper without a rebound.
9:39 of 3rd period - Jack Hughes wins face-off versus Jordan Martinook in FLORIDA Panthers zone.
10:40 of 3rd period - Shot by J.T. Compher.
10:40 of 3rd period - Shot Misses the Net.
10:50 of 3rd period - Shot by Max Domi.
10:50 of 3rd period - Stopped by Darcy Kuemper with a rebound.
10:52 of 3rd period - Shot by Bowen Byram.
10:52 of 3rd period - Goal by Bowen Byram - FLORIDA Panthers : 5 - NEW JERSEY Devils : 3.
10:53 of 3rd period - Ryan Donato wins face-off versus Eetu Luostarinen in neutral zone.
11:01 of 3rd period - Oskar Lindblom is hit by Kevin Gravel and loses puck.
11:12 of 3rd period - Icing by Ryan Donato.
11:13 of 3rd period - Ryan Donato wins face-off versus Yegor Sharangovich in NEW JERSEY Devils zone.
11:50 of 3rd period - Minor Penalty to James van Riemsdyk for Cross-checking.
11:51 of 3rd period - Brandon Saad wins face-off versus Jack Hughes in NEW JERSEY Devils zone.
11:52 of 3rd period - Shot by Brady Skjei.
11:52 of 3rd period - Stopped by Antti Raanta without a rebound.
11:53 of 3rd period - Jack Hughes wins face-off versus Brock Nelson in NEW JERSEY Devils zone.
12:02 of 3rd period - Adam Boqvist is hit by Brock Nelson and loses puck.
12:07 of 3rd period - Shot by Brady Skjei.
12:07 of 3rd period - Stopped by Antti Raanta without a rebound.
12:08 of 3rd period - Kyle Okposo wins face-off versus Vincent Trocheck in NEW JERSEY Devils zone.
12:08 of 3rd period - Kyle Okposo is hit by Vincent Trocheck.
12:16 of 3rd period - Shot by Jack Hughes.
12:16 of 3rd period - Shot Misses the Net.
12:28 of 3rd period - Shot by Josh Morrissey.
12:28 of 3rd period - Stopped by Antti Raanta without a rebound.
12:29 of 3rd period - Steven Stamkos wins face-off versus Jack Hughes in NEW JERSEY Devils zone.
13:03 of 3rd period - Shot by Brady Skjei.
13:03 of 3rd period - Stopped by Antti Raanta without a rebound.
13:04 of 3rd period - J.T. Compher wins face-off versus Vincent Trocheck in NEW JERSEY Devils zone.
13:10 of 3rd period - Icing by Josh Morrissey.
13:11 of 3rd period - Jack Hughes wins face-off versus Carter Verhaeghe in FLORIDA Panthers zone.
13:36 of 3rd period - J.T. Compher is hit by Vincent Trocheck.
14:04 of 3rd period - Miles Wood is hit by Steven Stamkos and loses puck.
14:15 of 3rd period - Shot by Matthew Tkachuk.
14:15 of 3rd period - Stopped by Antti Raanta without a rebound.
14:16 of 3rd period - Jack Hughes wins face-off versus Adam Henrique in NEW JERSEY Devils zone.
14:16 of 3rd period - Jack Hughes is hit by Eetu Luostarinen.
14:35 of 3rd period - Kyle Okposo is hit by Jordan Martinook and loses puck.
14:54 of 3rd period - Shot by Adam Henrique.
14:54 of 3rd period - Deflect By Eetu Luostarinen.
14:54 of 3rd period - Shot Blocked by Bowen Byram.
14:56 of 3rd period - Shot by Eetu Luostarinen.
14:56 of 3rd period - Stopped by Antti Raanta without a rebound.
14:57 of 3rd period - J.T. Compher wins face-off versus Steven Stamkos in NEW JERSEY Devils zone.
15:30 of 3rd period - Shot by J.T. Compher.
15:30 of 3rd period - Stopped by Darcy Kuemper with a rebound.
15:32 of 3rd period - Shot by J.T. Compher.
15:32 of 3rd period - Stopped by Darcy Kuemper without a rebound.
15:33 of 3rd period - Vincent Trocheck wins face-off versus Ryan Donato in FLORIDA Panthers zone.
15:37 of 3rd period - Brandon Saad is hit by Oskar Lindblom and loses puck.
15:54 of 3rd period - Icing by Chris Wideman.
15:55 of 3rd period - Ryan Donato wins face-off versus Adam Henrique in NEW JERSEY Devils zone.
16:03 of 3rd period - Connor Murphy is hit by Ryan Donato and loses puck.
16:08 of 3rd period - Minor Penalty to Jordan Martinook for Slashing.
16:09 of 3rd period - Jack Hughes wins face-off versus Matthew Tkachuk in FLORIDA Panthers zone.
16:30 of 3rd period - Shot by Ryan Graves.
16:30 of 3rd period - Stopped by Darcy Kuemper without a rebound.
16:31 of 3rd period - J.T. Compher wins face-off versus Matthew Tkachuk in FLORIDA Panthers zone.
17:01 of 3rd period - Shot by Andreas Athanasiou.
17:01 of 3rd period - Shot Misses the Net.
18:01 of 3rd period - Brady Skjei is hit by Jack Hughes and loses puck.
19:12 of 3rd period - Josh Morrissey is hit by Oskar Lindblom and loses puck.
19:21 of 3rd period - Shot by Ryan Donato.
19:21 of 3rd period - Deflect By Oskar Lindblom.
19:21 of 3rd period - Stopped by Darcy Kuemper without a rebound.
19:22 of 3rd period - Adam Henrique wins face-off versus J.T. Compher in FLORIDA Panthers zone.
Goals for this period are 0 for FLORIDA Panthers vs 1 for NEW JERSEY Devils.
Shots for this period are 12 for FLORIDA Panthers vs 20 for NEW JERSEY Devils. Output by the SimonT Hockey Simulator (STHS) for Martin Benoit - Original Page W3C HTML5 Valid
Hockey Simulator - Hockey Simulation - Hockey Manager